 Dungeon Crawl Stone Soup version 0.19.4-9-g45fd643 (webtiles) character file.

91 dynamoDes the Digger (level 4, -6/24 HPs)
             Began as a Deep Elf Earth Elementalist on Feb 19, 2017.
             Mangled by a gnoll
             ... wielding a +0 halberd
              (16 damage)
             ... on level 3 of the Dungeon.
             The game lasted 00:10:52 (2626 turns).

dynamoDes the Digger (Deep Elf Earth Elementalist)  Turns: 2626, Time: 00:10:53

Health: -6/24      AC:  4    Str:  6    XL:     4   Next: 34%
Magic:  6/12       EV: 13    Int: 20    God:
Gold:   104        SH:  3    Dex: 15    Spells: 2 memorised, 7 levels left

rFire  . . .     SeeInvis .     b - 22 stones
rCold  . . .     Gourm    .     c - +0 robe
rNeg   . . .     Faith    .     (no shield)
rPois  +         Spirit   .     (no helmet)
rElec  .         Reflect  +     (no cloak)
rCorr  .         Harm     .     (no gloves)
MR     .....                    l - +1 pair of boots
Stlth  +++.......               o - +3 amulet of reflection
                                (no ring)
                                j - ring of poison resistance

@: very slightly contaminated
A: no striking features
a: no special abilities


You were on level 3 of the Dungeon.
You were not hungry.

You visited 1 branch of the dungeon, and saw 3 of its levels.

You collected 104 gold pieces.

Inventory:

Hand Weapons
 a - a +1 dagger
Missiles
 b - 22 stones (in hand)
Armour
 c - a +0 robe (worn)
 l - a +1 pair of boots (worn)
Jewellery
 j - a ring of poison resistance (left hand)
 o - a +3 amulet of reflection (around neck)
Scrolls
 g - a scroll of remove curse
 i - a scroll of blinking
 p - a scroll of fear
Potions
 m - a potion of haste {unknown}
Books
 e - a book of Geomancy

   Spells                             Type                      Level
   a - Sandblast                      Earth                        1
   b - Passwall                       Transmutation/Earth          2
   c - Stone Arrow                    Conjuration/Earth            3
   d - Petrify                        Transmutation/Earth          4
   e - Lee's Rapid Deconstruction     Earth                        5
Comestibles
 d - 2 bread rations
 f - 2 beef jerkies
 h - 5 chunks of flesh
 k - a slice of pizza
 n - 2 meat rations


   Skills:
 + Level 3.2 Dodging
 + Level 3.7 Stealth
 + Level 4.0 Spellcasting
   Level 1.1 Transmutations
 + Level 4.1 Earth Magic


You had 7 spell levels left.
You knew the following spells:

 Your Spells              Type           Power        Failure   Level  Hunger
a - Sandblast             Erth           ###...       2%          1    None
b - Stone Arrow           Conj/Erth      ##....       17%         3    ###....


Dungeon Overview and Level Annotations

Branches:
Dungeon (3/15)

Altars:


Message History

Casting: Sandblast
Confirm with . or Enter, or press ? or * to list all spells.
Aiming: Sandblast
Press: ? - help, Shift-Dir - straight line, f - gnoll
Aim: a gnoll, wielding a halberd The rocky blast hits the gnoll.
The gnoll is lightly wounded.
The gnoll barely misses you.
The gnoll hits you from afar with a spear.
Casting: Sandblast
Confirm with . or Enter, or press ? or * to list all spells.
Aiming: Sandblast
Press: ? - help, Shift-Dir - straight line, f/p - gnoll
Aim: a gnoll, wielding a halberd (lightly wounded)
The rocky blast hits the gnoll.
The gnoll is severely wounded.
The gnoll hits you but does no damage.
The gnoll hits you from afar with a halberd!
Ouch! That really hurt!
You die...

# #####
#.###.####...## ###
.....gg.@...#.###.##
#.##..g##.#........##
#.... #.###.#.....##
... ##...
##...##......# ...
##.# ######......#
#.# #. #......# #.#
#. #.....## ##.####
##+## ####.## ......#
##...## #.#


You could see 3 gnolls.

Vanquished Creatures
  A gnoll (D:3)
  2 adders
  A worm (D:2)
  4 giant cockroaches
  10 goblins
  6 hobgoblins
  9 jackals
  7 kobolds
  7 bats
  4 frilled lizards (D:2)
  4 rats
55 creatures vanquished.

Notes
Turn   | Place    | Note
-------+----------+-------------------------------------------
     0 | D:1      | dynamoDes the Deep Elf Earth Elementalist began the quest for the Orb.
     0 | D:1      | Reached XP level 1. HP: 10/10 MP: 6/6
   489 | D:1      | Reached XP level 2. HP: 15/15 MP: 2/8
  1328 | D:1      | Reached XP level 3. HP: 19/19 MP: 7/9
  1721 | D:1      | Learned a level 3 spell: Stone Arrow
  2485 | D:3      | Reached XP level 4. HP: 24/24 MP: 8/11
  2626 | D:3      | Mangled by a gnoll

Skill      XL: |  1  2  3  4 |
---------------+-------------+-----
Stealth        | 3 |  3.7
Dodging        | 3 |  3.2
Earth Magic    | 4 |  4.1
Spellcasting   | 4 |  4.0
Transmutations | |  1.1

Action                   |  1- 3 |  4- 6 || total
-------------------------+-------+-------++-------
Melee: Whip              |     6 |       ||     6
       Dagger            |    32 |       ||    32
 Cast: Sandblast         |    92 |     9 ||   101
  Use: Scroll            |     6 |       ||     6
 Stab: Sleeping          |     5 |       ||     5
  Eat: Chunk             |     5 |       ||     5
Armor: Robe              |     8 |       ||     8
Dodge: Dodged            |    43 |     1 ||    44
